 Dungeon Sprint DCSS version 0.30-a0-986-g7f2e898f52 (webtiles) character file.

Game seed: 8923097290191473279

0 Patoropollo the Chopper (level 1, -3/20 HPs)
             Began as a Hill Orc Monk on Apr 1, 2023.
             Was a Believer of Beogh.
             Slain by Terence
             ... wielding a +0 flail
              (6 damage)
             ... in the Dungeon (Sprint VI: "Thunderdome").
             The game lasted 00:01:53 (71 turns).

Patoropollo the Chopper (Hill Orc Monk)               Turns: 71, Time: 00:01:54

Health: -3/20      AC:  2    Str: 13    XL:     1   Next: 20%
Magic:  1/1        EV: 12    Int: 10    God:    Beogh [**....]
Gold:   200        SH:  0    Dex: 13    Spells: 0/0 levels left

rFire   . . .      SeeInvis .    a - +0 hand axe
rCold   . . .      Faith    .    (no shield)
rNeg    . . .      Spirit   .    b - +0 robe
rPois   .          Reflect  .    (no helmet)
rElec   .          Rampage  .    (no cloak)
rCorr   .          NoTele   +    (no gloves)
Will    .....                    (no boots)
Stlth   ++                       (no amulet)
HPRegen 0.23/turn                (no ring)
MPRegen 0.07/turn                (no ring)

@: no status effects
A: no striking features
a: Renounce Religion, Smiting


You were in the Dungeon.
You worshipped Beogh.
Beogh was pleased with you.
You visited 1 branch You collected 200 gold pieces.

Inventory:

Hand Weapons
 a - a +0 hand axe (weapon)
Armour
 b - a +0 robe (worn)
Wands
 k - a wand of acid (5)
 l - a wand of roots (5)
Scrolls
 i - 4 scrolls of blinking
 m - 3 scrolls of fog
Potions
 c - a potion of ambrosia
 d - a potion of curing
 e - 4 potions of heal wounds
 f - 4 potions of haste
 g - 2 potions of magic
 h - a potion of berserk rage
 j - a potion of resistance


   Skills:
 + Level 3.9 Fighting
 + Level 4.3 Axes
 + Level 0.0 Armour
 + Level 2.6 Dodging
 - Level 1.6 Stealth
 + Level 0.0 Invocations


You couldn't memorise any spells.
You didn't know any spells.
Your spell library was empty.

Dungeon Overview and Level Annotations

Branches:
Dungeon (1/1)

Altars:
Cheibriados
Dithmenos
Fedhas
Gozag
Kikubaaqudgha
Makhleb
Okawaru
Sif Muna
Trog
Uskayaw
Vehumet
Wu Jian
Yredelemnul
Beogh

Shops:
D **[(!!!!

Annotations:
D Terence


Message History

The goblin hits you but does no damage.
You slash the goblin!
You kill the goblin!
Beogh accepts your kill.
No target in view!
No target in view!
HP restored.
Found Xecwyl's Weapon Rack and Tuceza Kebb's Basic Armour.
Found a snail-covered altar of Cheibriados.
You see here a +0 club.
No target in view!
Found Hekh's Miscellaneous Merchandise.
There is a bloodstained altar of Trog here.
There is a snail-covered altar of Cheibriados here.
There is an entrance to Xecwyl's Weapon Rack here.
You don't have enough magic capacity.
Okay, then.
Unknown command.
Found Voubeh's Premium Goods.
Found three altars.
No target in view!
There is an entrance to Tuceza Kebb's Basic Armour here.
There is an entrance to Hekh's Miscellaneous Merchandise here.
There is an entrance to Voubeh's Premium Goods here.
Found an ancient bone altar of Kikubaaqudgha.
Terence the Incautious comes into view.
He is wielding a +0 flail.
Terence is nearby!
Found a basalt altar of Yredelemnul.
Terence shouts!
Found an iron altar of Okawaru.
You hit Terence but do no damage. Terence hits you with a +0 flail.
You hit Terence but do no damage. Terence hits you with a +0 flail.
You are too injured to fight recklessly!
You are too injured to fight recklessly!
You are too injured to fight recklessly!
You are too injured to fight recklessly!
You hit Terence but do no damage. Terence hits you with a +0 flail.
* * * LOW HITPOINT WARNING * * *
You hit Terence but do no damage. Terence barely misses you.
You closely miss Terence. Terence hits you with a +0 flail.
You die...

..... #......__.∩##
.......8. #.8........∩#
...... ..###............
....... #...###.........
....... #.<.# #.........
.......###...###.........
..........###............
........8@# #.8........∩#
___....@.###......___∩##
####.8.........8.######
#⌠..........)⌠#
###.........###
#_........# #_......._#
#_......._# #∩.......∩#
##∩.....∩##


You could see Terence.

Vanquished Creatures
  A goblin (D)
1 creature vanquished.

Notes
Turn   | Place    | Note
-------+----------+-------------------------------------------
     0 | D        | Patoropollo the Hill Orc Monk began the quest for the Orb.
     0 | D        | Reached XP level 1. HP: 19/19 MP: 1/1
     0 | D        | Found a shimmering blue altar of Sif Muna.
     4 | D        | Found a hide-covered altar of Uskayaw.
     4 | D        | Found a bloodstained altar of Trog.
     5 | D        | Found a shadowy altar of Dithmenos.
     5 | D        | Round 1.
     6 | D        | Found Lyaz Nar's Do-It-Yourself Clinic.
     6 | D        | Found a blossoming altar of Fedhas.
     6 | D        | Found a roughly hewn altar of Beogh.
     6 | D        | Found Hieci Doet's Distillery.
     7 | D        | Found Jixzonum's Bottled Wisdom.
     7 | D        | Found Akiom's Distillery.
    10 | D        | Found a radiant altar of Vehumet.
    14 | D        | Became a worshipper of Beogh the Brigand
    14 | D        | Reached * piety under Beogh
    14 | D        | Reached ** piety under Beogh
    44 | D        | Found a snail-covered altar of Cheibriados.
    44 | D        | Found Xecwyl's Weapon Rack.
    44 | D        | Found Tuceza Kebb's Basic Armour.
    45 | D        | Found Hekh's Miscellaneous Merchandise.
    50 | D        | Found Voubeh's Premium Goods.
    50 | D        | Found an ornate altar of the Wu Jian Council.
    50 | D        | Found an opulent altar of Gozag.
    50 | D        | Found a burning altar of Makhleb.
    61 | D        | Found an ancient bone altar of Kikubaaqudgha.
    63 | D        | Noticed Terence
    64 | D        | Found a basalt altar of Yredelemnul.
    65 | D        | Found an iron altar of Okawaru.
    71 | D        | Slain by Terence

Illustrated notes

Levels and vault maps discovered:
D:        arena_sprint

Action                     || total
---------------------------++-------
  Melee: Hand axe          ||     8
 Armour: Robe              ||     1
  Dodge: Dodged            ||     1

Table legend: (Time is in decaauts)
 A = Elapsed time spent in this place.
 B = Non-inter-level travel time spent in this place.
 C = Inter-level travel time spent in this place.
 D = Time resting spent in this place.
 E = Time spent auto-exploring this place.
 F = Levels seen in this place.
 G = Mean time per level.
                   A        B        C        D        E       F      G
               +--------+--------+--------+--------+--------+-----+--------+
         Total |     71 |     65 |      6 |      0 |     40 |   1 |   71.0 |
       Dungeon |     71 |     65 |      6 |      0 |     40 |   1 |   71.0 |
               +--------+--------+--------+--------+--------+-----+--------+

Top non-repeatable levels by time:
       D: 71 daAuts
